 Dungeon Crawl Stone Soup version 0.23.2-1-ga50397a (webtiles) character file.

Game seed: 12963190120576407506

29 Iscandelvey the Vexing (level 3, 26/26 HPs)
             Began as a Demonspawn Arcane Marksman on May 3, 2019.
             Quit the game on level 2 of the Dungeon.
             The game lasted 00:06:41 (1606 turns).

Iscandelvey the Vexing (Demonspawn Arcane Marksman) Turns: 1606, Time: 00:06:41

Health: 26/26      AC:  2    Str: 10    XL:     3   Next: 1%
Magic:  1/4        EV: 12    Int: 15    God:
Gold:   112        SH:  0    Dex: 13    Spells: 1/4 levels left

rFire    . . .     SeeInvis .   j - +0 dagger
rCold    . . .     Gourm    .   (no shield)
rNeg     . . .     Faith    .   e - +0 robe
rPois    .         Spirit   .   (helmet restricted)
rElec    .         Reflect  .   (no cloak)
rCorr    .         Harm     .   (no gloves)
MR       +....                  (no boots)
Stlth    +.........             (no amulet)
HPRegen  0.08/turn              m - ring of protection from magic
MPRegen  0.09/turn              (no ring)

@: no status effects
A: horns 1, powered by death 1
a: no special abilities


You were on level 2 of the Dungeon.
You were not hungry.

You visited 1 branch of the dungeon, and saw 2 of its levels.

You collected 112 gold pieces.

Inventory:

Hand Weapons
 a - a +0 hand crossbow
 j - a +0 dagger (weapon)
Missiles
 d - 27 bolts
 k - 108 stones (quivered)
 l - 16 sling bullets
Armour
 e - a +0 robe (worn)
 i - a +0 helmet
 p - a +0 hat
Jewellery
 m - a ring of protection from magic (left hand)
Scrolls
 h - a scroll of amnesia {unknown}
 n - a scroll of random uselessness {unknown}
 q - a scroll of remove curse {unknown}
Potions
 b - a potion of magic {unknown}
 c - a potion of heal wounds {unknown}
 g - a potion of curing {unknown}
Comestibles
 f - 3 rations
 o - 2 chunks of flesh


   Skills:
 - Level 1.0 Fighting
 * Level 2.4 Crossbows
 + Level 2.0 Dodging
 + Level 1.1 Spellcasting
 * Level 3.5 Hexes


You had one spell level left.
You knew the following spells:

 Your Spells              Type           Power        Failure   Level  Hunger
a - Corona                Hex            ##.....      6%          1    ##.....
b - Slow                  Hex            ##......     9%          2    ###....

Your spell library contained the following spells:

 Spells                   Type           Power        Failure   Level  Hunger
 Inner Flame              Hex/Fire       #.......     34%         3    ####...
 Portal Projectile        Hex/Tloc       #.....       34%         3    ####...
 Cause Fear               Hex            ##........   50%         4    #####..
 Leda's Liquefaction      Hex/Erth       #.........   75%         4    #####..


Dungeon Overview and Level Annotations

Branches:
Dungeon (2/15)

Altars:
The Shining One


Innate Abilities, Weirdness & Mutations

You have a pair of small horns on your head.
You regenerate a little health from kills.


Message History

You hit the giant cockroach.
The giant cockroach is almost dead.
The giant cockroach barely misses you.
The giant cockroach bites you but does no damage.
You hit the giant cockroach.
You kill the giant cockroach!
You have reached level 3!
Your experience leads to an increase in your attributes!
Increase (S)trength, (I)ntelligence, or (D)exterity?
You feel clever.
You feel monstrous as your demonic heritage exerts itself.
Your demonic ancestry asserts itself...
A pair of horns grows on your head!
Your +0 helmet falls away!
Found a centaur barding.
There is a stone staircase leading down here.
Found 13 gold pieces.
Found a mace.
d - 27 bolts (gained 9) Are you sure you want to abandon this character and quit the game? (Confirm with "yes".)

.###..#### #.# $.
#..# #.# P.
#..######.# P.
#.........# .###
##.######## ..# #.#
#.# #.#
#..####[####.####
.......@..>.....#
.#.####.####.##.....
...# ...# ###.
#.###. ....# # .
#...## .###... ..
.(... .) .#..


There were no monsters in sight!

Vanquished Creatures
  A leopard gecko (D:1)
  A ball python (D:1)
  3 giant cockroaches
  2 goblins
  2 hobgoblins (D:1)
  3 jackals (D:1)
  4 bats (D:1)
  4 frilled lizards
  4 kobolds (D:1)
  3 rats (D:1)
27 creatures vanquished.

Notes
Turn   | Place    | Note
-------+----------+-------------------------------------------
     0 | D:1      | Iscandelvey the Demonspawn Arcane Marksman began the quest
                  | for the Orb.
     0 | D:1      | Reached XP level 1. HP: 15/15 MP: 2/2
   193 | D:1      | Gained mutation: You regenerate a little health from kills.
                  | [demonic ancestry]
   193 | D:1      | Reached XP level 2. HP: 10/21 MP: 3/3
   202 | D:1      | Learned a level 2 spell: Slow
  1076 | D:1      | Found a glowing golden altar of the Shining One.
  1599 | D:2      | Gained mutation: You have a pair of small horns on your
                  | head. [demonic ancestry]
  1599 | D:2      | Reached XP level 3. HP: 26/26 MP: 0/4
  1606 | D:2      | Quit the game

Skill      XL: |  1  2 |
---------------+-------+-----
Crossbows      | 2 |  2.4
Dodging        | 2 |  2.0
Fighting       | |  1.0
Spellcasting   | |  1.1
Hexes          | |  3.5

Action                   || total
-------------------------++-------
Melee: Dagger            ||   110
       Unarmed           ||    13
 Fire: Hand crossbow     ||    32
Throw: Stone             ||     7
 Cast: Corona            ||     7
       Slow              ||     6
 Stab: Sleeping          ||     1
  Eat: Chunk             ||     3
Armor: Robe              ||    38
Dodge: Dodged            ||    90
